 Dungeon Crawl Stone Soup version 0.30-a0-534-gdc55766716 (webtiles) character file.

Game seed: 2480934233899603553

420 avis the Chiller (level 6, -8/48 HPs)
             Began as a Demigod Ice Elementalist on Dec 25, 2022.
             Mangled by an ogre
             ... wielding a +0 giant club
              (29 damage)
             ... on level 4 of the Dungeon.
             The game lasted 00:24:53 (3597 turns).

avis the Chiller (Demigod Ice Elementalist)         Turns: 3597, Time: 00:24:54

Health: -8/48      AC:  7    Str:  9    XL:     6   Next: 35%
Magic:  10/13      EV: 15    Int: 17    God:
Gold:   189        SH:  0    Dex: 22    Spells: 4/11 levels left

rFire   . . .      SeeInvis .    a - +0 whip (elec)
rCold   . . .      Faith    .    (no shield)
rNeg    . . .      Spirit   .    q - +0 robe
rPois   .          Reflect  .    (no helmet)
rElec   .          Harm     .    (no cloak)
rCorr   .          Rampage  .    (no gloves)
Will    .....                    n - +0 pair of boots
Stlth   ++                       h - amulet of magic regeneration
HPRegen 0.28/turn                k - +4 ring of protection
MPRegen 0.53/turn                (no ring)

@: freezing walls
A: high MP 1, forlorn, divine attributes
a: no special abilities


You were on level 4 of the Dungeon.
You visited 2 branches of the dungeon, and saw 5 of its levels.

You collected 189 gold pieces.

Inventory:

Hand Weapons
 a - a +0 whip of electrocution (weapon)
Missiles
 t - 2 boomerangs
Armour
 n - a +0 pair of boots (worn)
 q - a +0 robe (worn)
 w - a +0 buckler
Jewellery
 d - an amulet of the acrobat
 h - an amulet of magic regeneration (around neck)
 k - a +4 ring of protection (left hand)
 u - the amulet "Qauda" {Acrobat +Inv rN++ Will-}
   (You took it off a hobgoblin on level 4 of the Dungeon)

   [amulet of the acrobat]

   It increases your evasion while moving and waiting.
   rN:        It greatly protects you from negative energy.
   +Inv:      It lets you turn invisible.
   Will:      It decreases your willpower.
Scrolls
 c - 2 scrolls of vulnerability {unknown}
 e - a scroll of poison {unknown}
 g - a scroll of identify {unknown}
 j - a scroll of teleportation {unknown}
 p - 4 scrolls of fear {unknown}
Potions
 b - a potion of magic
 f - 2 potions of invisibility {unknown}
 i - a potion of brilliance {unknown}
 l - a potion of might {unknown}
 m - 2 potions of attraction {unknown}
 o - 2 potions of mutation {unknown}
 r - a potion of degeneration {unknown}
 s - a potion of berserk rage {unknown}
 v - a potion of heal wounds {unknown}


   Skills:
 - Level 2.0 Fighting
 * Level 4.2 Dodging
 - Level 2.0 Stealth
 - Level 3.0 Spellcasting
 - Level 5.0 Ice Magic


You had 4 spell levels left.
You knew the following spells:

 Your Spells              Type           Power      Damage    Failure   Level
a - Freeze                Ice            76%        1d8       2%          1
o - Ozocubu's Armour      Ice            19%        N/A       7%          3
r - Frozen Ramparts       Ice            38%        1d6       7%          3

Your spell library contained the following spells:

 Spells                   Type           Power      Damage    Failure   Level
 Slow                     Hex            8%         N/A       17%         1
 Confusing Touch          Hex            2%         N/A       45%         3
 Vampiric Draining        Necr           2%         2d6       45%         3
 Summon Ice Beast         Ice/Summ       11%        N/A       52%         4
 Conjure Ball Lightning   Conj/Air       1%         3x3d6     100%        6
 Discord                  Hex            1%         N/A       100%        8
 Disjunction              Tloc           1%         N/A       100%        8


Dungeon Overview and Level Annotations

Branches:
Dungeon (4/15)             Temple (1/1) D:4

Shops:
D:2 =(**   D:4 *


Innate Abilities, Weirdness & Mutations

You have an increased reservoir of magic. (+10% MP)
You shall have no god before yourself.
Your divine heritage dramatically boosts your attributes as you level up.


Message History

Casting: Frozen Ramparts (dangerous; 7% risk of failure)
Press: ? - help, Dir - look around, f - activate The walls around you are covered in ice.
The wall freezes the gnoll.
The gnoll closely misses you.
You barely miss the gnoll.
The gnoll is moderately wounded.
The wall freezes the ogre.
The wall freezes the gnoll.
The gnoll hits you with a +0 spear.
You closely miss the gnoll.
The gnoll is moderately wounded.
The wall freezes the ogre.
The wall freezes the gnoll but does no damage.
The gnoll hits you with a +0 spear.
You completely miss the gnoll.
The gnoll is moderately wounded.
The wall freezes the ogre.
The wall freezes the gnoll but does no damage.
The gnoll hits you with a +0 spear.
You hit the gnoll.
The gnoll is heavily wounded.
The wall freezes the ogre.
The wall freezes the gnoll.
The gnoll hits you but does no damage.
You hit the gnoll.
You kill the gnoll!
The wall freezes the ogre. x2; The ogre hits you with a +0 giant club!
Your magical contamination has completely faded away.
You hit the ogre.
The ogre is almost dead.
You hit the ogre but do no damage.
The ogre is almost dead.
The frozen ramparts melt away.
The ogre hits you with a +0 giant club!
Casting: Frozen Ramparts (dangerous; 7% risk of failure)
Confirm with . or Enter, or press ? or * to list all spells.
Casting: Frozen Ramparts (dangerous; 7% risk of failure)
Press: ? - help, Dir - look around, f - activate The walls around you are covered in ice.
The wall freezes the ogre.
The ogre hits you with a +0 giant club!!
Ouch! That really hurt!
You die...

#...# ..#.# #...##
# #.#.# #...##.#
#.#.# #...##.#
#.#.# #
#...#.#.####.#.# #
#.#
##...###.......####
#...#
#.##.#.####.....).
.#..# # #O###.##
#.###... ....###.#
#@# ### #.# #.##
##..... ####.# #.#
#.## ###..# #....#
#.# #... ##...#
#..#.<#########.#
#.._ .....# ....
##...........# #._8
.....# #.#
#..######## #.._
###).#####. #....#
#######...
#........ ####.#
#.........
###..###### #.#
#.#.###.##


You could see an ogre.

Vanquished Creatures
  A necrophage (D:4)
  A scorpion (D:3)
  A jelly (D:4)
  An iguana (D:4)
  Natasha (thrice) (D:3)
  3 adders
  2 gnolls (D:4)
  A worm (D:2)
  5 dart slugs
  4 orcs
  12 ball pythons
  9 endoplasms
  5 giant cockroaches
  10 goblins
  10 hobgoblins
  7 jackals (D:1)
  4 quokkas
  9 bats
  3 frilled lizards
  7 kobolds
  4 rats
102 creatures vanquished.

Notes
Turn   | Place    | Note
-------+----------+-------------------------------------------
     0 | D:1      | avis the Demigod Ice Elementalist began the quest for the
                  | Orb.
     0 | D:1      | Reached XP level 1. HP: 14/14 MP: 5/5
   168 | D:1      | Reached skill level 4 in Ice Magic
   174 | D:1      | Reached XP level 2. HP: 13/20 MP: 0/7
   815 | D:1      | Reached XP level 3. HP: 27/27 MP: 7/9
   837 | D:1      | Reached skill level 1 in Fighting
  1286 | D:2      | Found Ughylioc's Assorted Antiques.
  1396 | D:2      | Found Haeted's Antique Weapon Shop.
  1405 | D:2      | Found Harul's Jewellery Boutique.
  1904 | D:2      | Found Asiy's Assorted Antiques.
  1980 | D:2      | Reached XP level 4. HP: 35/36 MP: 7/10
  1995 | D:2      | Learned a level 3 spell: Frozen Ramparts
  1999 | D:2      | Learned a level 3 spell: Ozocubu's Armour
  2108 | D:3      | Noticed Natasha
  2330 | D:3      | You fall into a shaft and drop 1 floor!
  2456 | D:4      | Found a staircase to the Ecumenical Temple.
  2511 | Temple   | Entered the Ecumenical Temple
  2608 | D:3      | Killed Natasha
  2609 | D:3      | Reached XP level 5. HP: 35/41 MP: 7/11
  3055 | D:3      | Noticed Natasha
  3063 | D:3      | Killed Natasha
  3179 | D:3      | Noticed Natasha
  3186 | D:3      | Killed Natasha
  3395 | D:4      | Found Nacupni's Overcharged Wands.
  3418 | D:4      | Reached XP level 6. HP: 46/48 MP: 13/13
  3434 | D:4      | Identified the amulet "Qauda" {Acrobat +Inv rN++ Will-}
  3509 | D:4      | Reached skill level 5 in Ice Magic
  3597 | D:4      | Mangled by an ogre

Illustrated notes

Levels and vault maps discovered:
D:1:      giann_bridges, layout_loops_corners
D:2:      layout_basic, serial_shops, shop, nicolae_shop_crystal,
          nicolae_shop_behind_doors, shop, hellmonk_ecumenical_altar_zigzags,
          minmay_tromino_i4
D:3:      layout_loops_cross, grunt_ministairs_13, uniq_natasha
D:4:      layout_loops_ring, chequers_temple_overflow_statue_of_worship,
          minmay_temple_entry_wispy, portal_sewer_entry_d,
          ebering_ghost_reflecting_pool, minmay_misc_feat_hallway,
          nicolae_shop_overcharged_wands, uniq_pargi
Temple:   hellmonk_temple_forest_ring

Skill      XL: |  1  2  3  4  5  6 |
---------------+-------------------+-----
Ice Magic      | 4 5 |  5.0
Spellcasting   | 2 3 |  3.0
Fighting       | 2 |  2.0
Dodging        | 2 3 4 |  4.2
Stealth        | 2 |  2.0

Action                   |  1- 3 |  4- 6 || total
-------------------------+-------+-------++-------
Melee: Unarmed           |    24 |       ||    24
       Dagger            |     2 |     1 ||     3
       Whip              |       |    67 ||    67
       Punch             |       |     1 ||     1
 Cast: Freeze            |    96 |    45 ||   141
       Frozen Ramparts   |       |    10 ||    10
       Ozocubu's Armour  |       |     6 ||     6
 Stab: Sleeping          |       |     9 ||     9
Armor: Robe              |    20 |    30 ||    50
Dodge: Dodged            |    79 |    62 ||   141

Table legend: (Time is in decaauts)
 A = Elapsed time spent in this place.
 B = Non-inter-level travel time spent in this place.
 C = Inter-level travel time spent in this place.
 D = Time resting spent in this place.
 E = Time spent auto-exploring this place.
 F = Levels seen in this place.
 G = Mean time per level.
                   A        B        C        D        E       F      G
               +--------+--------+--------+--------+--------+-----+--------+
         Total |   3605 |   3265 |    340 |    584 |   1667 |   5 |  721.0 |
       Dungeon |   3601 |   3261 |    340 |    584 |   1667 |   4 |  900.2 |
        Temple |      3 |      3 |      0 |      0 |      0 |   1 |    3.0 |
               +--------+--------+--------+--------+--------+-----+--------+

Top non-repeatable levels by time:
     D:1: 1312 daAuts
     D:2: 990 daAuts
     D:3: 775 daAuts
     D:4: 524 daAuts
  Temple: 3 daAuts
